[Event "Late-Titled-Tuesday-Blitz-March-26-2024"]
[Site "Chess.com"]
[Date "2024.03.26"]
[Round "2"]
[White "moro182"]
[Black "maximnovik"]
[Result "1-0"]
[WhiteElo "2896"]
[BlackElo "2595"]
[TimeControl "180+1"]
[EndTime "14:18:28 PDT"]
[Termination "moro182 won on time"]

1. d4 Nf6 2. Bf4 g6 3. Nc3 d5 4. Nb5 Na6 5. e3 Ne4 6. f3 Nd6 7. Nxd6+ cxd6 8. Bxa6 bxa6 9. Ne2 Rb8 10. b3 Bg7 11. O-O e5 12. Bg3 O-O 13. Qd2 Be6 14. Rad1 Qb6 15. Bf2 Rbc8 16. e4 Qb7 17. exd5 Qxd5 18.
dxe5 Qxd2 19. Rxd2 dxe5 20. c4 a5 21. Nc3 a6 22.
Rfd1 f5 23. Na4 Rfe8 24. Rd6 e4 25. fxe4 Be5 26. Rxa6 Rcd8 27. Rxd8 Rxd8 28. Rxe6 Rd1+ 29. Be1 Rxe1+ 30. Kf2 Rxe4 31. Ra6 Bxh2 32. Rxa5 Be5 33. c5 Bd4+ 34. Kf1 Rf4+ 35. Ke2 Rf2+ 36. Kd3 Be5 37. c6 Bg3 38. c7 Bxc7 39. Ra8+ Kg7 40. Ra7 Rxa2 41. Rxc7+ Kh6 42. Nc3 Rxg2 43. b4 Rb2 44. Kc4 g5 45. b5 g4 46. Rc8 g3 47.
Rg8 f4 48. Nd5 f3 49. Rxg3 f2 50. Rf3 Kg5 51. b6 Kg4 52. Rf7 Kg3 53. Nb4 1-0

[Event "Late-Titled-Tuesday-Blitz-March-26-2024"]
[Site "Chess.com"]
[Date "2024.03.26"]
[Round "2"]
[White "CURRUTACO59"]
[Black "sjoerd893"]
[Result "0-1"]
[WhiteElo "2269"]
[BlackElo "2499"]
[TimeControl "180+1"]
[EndTime "14:18:29 PDT"]
[Termination "sjoerd893 won on time"]

1. Nf3 d5 2. d4 Nf6 3. c4 c6 4.
e3 e6 5. Nbd2 Nbd7 6. Bd3 Bd6 7.
O-O O-O 8. e4 dxe4 9. Nxe4 Nxe4 10. Bxe4 Nf6 11. Bc2 c5 12. Qd3 h6 13. Rd1 cxd4 14.
Qxd4 Be7 15. Qh4 Qc7 16. Bxh6 gxh6 17. Qxh6 Qxc4 18. Rac1 Qg4 19. Rd4 Qh5 20. Qd2 Nd5 21. h3 f5 22. Bb3 Bf6 23. Rxd5 exd5 24. Bxd5+ Kh8 25. Rc7 Rd8 26. Qb4 Qh6 27. Rf7 Rxd5 0-1

[Event "Late-Titled-Tuesday-Blitz-March-26-2024"]
[Site "Chess.com"]
[Date "2024.03.26"]
[Round "2"]
[White "WindWhistler11"]
[Black "yujiarun18"]
[Result "1/2-1/2"]
[WhiteElo "2438"]
[BlackElo "2124"]
[TimeControl "180+1"]
[EndTime "14:18:29 PDT"]
[Termination "Game drawn by repetition"]

1. Nf3 d5 2. g3 Nf6 3. c4 c6 4.
Bg2 e6 5. b3 Be7 6. Bb2 O-O 7.
O-O Nbd7 8. e3 Re8 9. Qe2 Nf8 10. Rd1 Ng6 11. Nc3 Qc7 12. d3 b6 13. Rac1 Bb7 14. e4 Bd6 15. cxd5 exd5 16. Nb5 Qe7 17. Nxd6 Qxd6 18.
e5 Qd7 19. Qd2 Ng4 20. Bh3 h5 21. Qg5 N4xe5 22. Nxe5 Qxh3 23. Nxg6 fxg6 24. Qxg6 Re7 25. Re1 Qd7 26. Qxh5 Rf7 27. Re5 Raf8 28. f4 c5 29. d4 Qd6 30. Rce1 cxd4 31. Bxd4 Qb4 32. Rd1 Qa3 33.
Qh4 Rf5 34. Rxf5 Rxf5 35. Re1 Qf8 36. Re6 Rf7 37. Rg6 Bc8 38. Rg5 Qe7 39. Be5 Qc5+ 40. Kg2 Qc2+ 41. Kg1 Qd1+ 42. Kg2 Qe2+ 43. Kg1 Qe1+ 44.
Kg2 Qe2+ 45. Kg1 Qe1+ 46. Kg2 Qe2+ 1/2-1/2

[Event "Late-Titled-Tuesday-Blitz-March-26-2024"]
[Site "Chess.com"]
[Date "2024.03.26"]
[Round "2"]
[White "ritanovikova"]
[Black "KetiTsatsalashvili"]
[Result "0-1"]
[WhiteElo "2110"]
[BlackElo "2440"]
[TimeControl "180+1"]
[EndTime "14:18:31 PDT"]
[Termination "KetiTsatsalashvili won on time"]

1. e4 c5 2. Nc3 Nc6 3. d3 e6 4. Be3 d5 5. exd5 exd5 6. Bd2 d4 7. Ne4 h6 8. Nf3 Nf6 9. Nxf6+ Qxf6 10. Be2 Bd6 11.
O-O O-O 12. a3 Be6 13. Rb1 Ba2 14. Ra1 Bd5 15. Rb1 a5 16. c4 Be6 17. b3 Rfe8 18.
Re1 Bg4 19. Nxd4 Rxe2 20. Nxe2 Nd4 21. h3 Nf3+ 22. gxf3 Bxf3 23. Ng3 Bxd1 24. Rbxd1 Bxg3 25. fxg3 Qf3 26. Bf4 Rd8 27. Rf1 Qe2 28. Rfe1 Qc2 29. Bc7 Rxd3 30. Rxd3 Qxd3 31. Re8+ Kh7 0-1

[Event "Late-Titled-Tuesday-Blitz-March-26-2024"]
[Site "Chess.com"]
[Date "2024.03.26"]
[Round "2"]
[White "Nekoo04"]
[Black "CaspiIsrael"]
[Result "0-1"]
[WhiteElo "2381"]
[BlackElo "2674"]
[TimeControl "180+1"]
[EndTime "14:18:32 PDT"]
[Termination "CaspiIsrael won by resignation"]

1. d4 d6 2. Nf3 Nf6 3. c4 Bf5 4. Nc3 Nbd7 5. Nh4 Bg4 6. h3 Bh5 7. g4 Bg6 8. Nxg6 hxg6 9. Bg2 c6 10. g5 Ng8 11. e4 e6 12. h4 Qc7 13. h5 Ne7 14. Qf3 e5 15. Be3 exd4 16. Bxd4 Ne5 17. Qe2 gxh5 18. O-O-O N7g6 19. Be3 Ng4 20. Bd2 O-O-O 21.
Rxh5 Nxf2 22. Rxh8 Nxd1 23. Rh1 Nxc3 24. Bxc3 Be7 25.
Bd2 Kb8 26. Rf1 Ne5 27. Kc2 g6 28. b3 a5 29. Qe3 a4 30. Bc3 Bf8 31. Qf4 Bg7 32.
Bxe5 Bxe5 33. Qxf7 Qa5 34. Rf3 axb3+ 35. axb3 Qa2+ 36.
Kd1 Qxg2 0-1

[Event "Late-Titled-Tuesday-Blitz-March-26-2024"]
[Site "Chess.com"]
[Date "2024.03.26"]
[Round "2"]
[White "ejam94"]
[Black "rikchessmx"]
[Result "0-1"]
[WhiteElo "2481"]
[BlackElo "2291"]
[TimeControl "180+1"]
[EndTime "14:18:33 PDT"]
[Termination "rikchessmx won by checkmate"]

1. e4 e5 2. Nf3 Nc6 3. Bc4 Bc5 4. d3 d6 5. a4 h6 6. c3 a5 7.
Be3 Qf6 8. O-O Nge7 9. Nbd2 O-O 10. h3 Ng6 11. Nb3 Ba7 12. Bxa7 Rxa7 13. d4 Nf4 14.
Kh2 Qg6 15. Rg1 Qxe4 16. Bf1 Qf5 17. dxe5 dxe5 18. g4 Qe6 19. Qd2 Qxb3 20. Nxe5 Nxe5 21. Qxf4 Ng6 22. Qd4 b6 23. Bc4 Qxb2 24. Ra2 c5 25. Qe3 Re7 26. Qxe7 Qxc3 27. Qe4 Qf6 28.
Rd2 Be6 29. Bxe6 fxe6 30. Re1 e5 31. Qd5+ Kh7 32. Qe4 Qg5 33. Red1 Rf4 34. Qc2 Rf3 35. Rd6 Qf4+ 36. Kg1 e4 37. Qd2 e3 38. fxe3 Rg3+ 39.
Kh2 Rxe3+ 40. Kh1 Rxh3+ 41. Kg1 Rg3+ 42. Kh1 Qf3+ 43. Kh2 Rh3+ 44. Kg1 Rh1# 0-1

[Event "Late-Titled-Tuesday-Blitz-March-26-2024"]
[Site "Chess.com"]
[Date "2024.03.26"]
[Round "2"]
[White "Romkachess"]
[Black "larsmandreassen"]
[Result "1-0"]
[WhiteElo "2707"]
[BlackElo "2249"]
[TimeControl "180+1"]
[EndTime "14:18:34 PDT"]
[Termination "Romkachess won on time"]

1. e4 d5 2. exd5 Nf6 3. Bb5+ Nbd7 4. d4 Nxd5 5. Nf3 c6 6. Be2 e6 7. c4 N5f6 8. Bf4 Bb4+ 9. Nc3 O-O 10. O-O b6 11. a3 Bxc3 12. bxc3 Bb7 13. Ne5 Nxe5 14. Bxe5 c5 15. Bf3 Bxf3 16. Qxf3 cxd4 17. cxd4 Rc8 18.
Rac1 Qe7 19. Rfd1 Rfd8 20. h3 h6 21. Qb3 Nd7 22. Bg3 Nf6 23. Qe3 Qd7 24. Be5 Ne8 25. d5 exd5 26. cxd5 Rxc1 27. Qxc1 f6 28. Bg3 Nd6 29.
Qc6 Ne4 30. Qc7 Qxc7 31. Bxc7 Rd7 32. Bf4 Nc3 33. Re1 Nxd5 34. Bg3 Kf7 35. h4 Nc3 36. Kh2 Rd1 37. Re3 Nd5 38. Re2 Rd3 39. Ra2 Nc3 40. Ra1 Nb5 41. a4 Nd4 42. Rc1 1-0

[Event "Late-Titled-Tuesday-Blitz-March-26-2024"]
[Site "Chess.com"]
[Date "2024.03.26"]
[Round "2"]
[White "HansOnTwitch"]
[Black "only_strong_moves"]
[Result "1-0"]
[WhiteElo "3116"]
[BlackElo "2689"]
[TimeControl "180+1"]
[EndTime "14:18:35 PDT"]
[Termination "HansOnTwitch won by resignation"]

1. e4 e5 2. Nf3 Nc6 3. Bc4 Nf6 4. d3 Be7 5. O-O O-O 6. a4 d6 7. a5 a6 8. Nc3 Nb8 9. d4 Bg4 10. dxe5 Bxf3 11. Qxf3 dxe5 12. Rd1 Qc8 13. Bg5 Nbd7 14. Rd2 c6 15. Rad1 Nc5 16. Be3 Qc7 17. b4 Ne6 18.
Bxe6 fxe6 19. Bb6 Qc8 20. Na2 Qe8 21. Qb3 Qf7 22. Nc3 Kh8 23. Qc4 Rae8 24. Na4 Nh5 25. Be3 Qg6 26. Nc5 Bg5 27. Rd6 Bxe3 28. fxe3 Qf6 29.
Qe2 Qg6 30. Nd7 Qg5 31. Nxf8 Rxf8 32. Rxe6 Nf6 33. Qf3 h6 34. Rf1 Kh7 35. Qf5+ Qxf5 36. Rxf5 Rd8 37. Rexe5 Rd1+ 38. Rf1 Ng4 39. Rxd1 1-0

[Event "Late-Titled-Tuesday-Blitz-March-26-2024"]
[Site "Chess.com"]
[Date "2024.03.26"]
[Round "2"]
[White "Fh2411"]
[Black "falzehope0"]
[Result "1-0"]
[WhiteElo "2594"]
[BlackElo "2377"]
[TimeControl "180+1"]
[EndTime "14:18:35 PDT"]
[Termination "Fh2411 won by resignation"]

1. d4 d6 2. Nf3 Nf6 3. Bg5 Nbd7 4. e3 e5 5. c4 c6 6. Nc3 Be7 7. Be2 O-O 8. O-O Re8 9. Rc1 Qc7 10. Bh4 Nf8 11.
Bg3 Nh5 12. Qc2 Ng6 13. Rfd1 Bf8 14. b4 Qe7 15. b5 Qf6 16. Ne4 Qf5 17. dxe5 dxe5 18.
Nd6 Qxc2 19. Rxc2 Nxg3 20. hxg3 Bxd6 21. Rxd6 cxb5 22. cxb5 Bf5 23. Rc7 Rab8 24. Bc4 Be6 25. Bxe6 Rxe6 26. Rdd7 Rf6 27. Ng5 Nf8 28. Re7 Ne6 29.
Nxe6 Rxe6 30. Rxf7 Rg6 31. Rxb7 Rxb7 32. Rxb7 Rb6 33. Rxb6 axb6 34. Kf1 Kf7 35. Ke2 Ke6 36. Kd3 Kd5 37. a4 e4+ 38. Kc3 h5 39. Kb4 g5 40. a5 bxa5+ 41. Kxa5 Kc4 42. b6 Kd3 43. b7 Ke2 44. b8=Q Kxf2 45. Qe5 Kxg2 46. Qxg5 Kf3 47.
Qf4+ Kg2 48. Qxe4+ Kxg3 49. Qf4+ Kh3 50. e4 h4 51. e5 Kg2 52. e6 h3 53. Qg4+ Kh2 54.
e7 Kh1 55. e8=Q 1-0

[Event "Late-Titled-Tuesday-Blitz-March-26-2024"]
[Site "Chess.com"]
[Date "2024.03.26"]
[Round "2"]
[White "PNEPaul"]
[Black "czasnaszachy"]
[Result "0-1"]
[WhiteElo "1964"]
[BlackElo "2425"]
[TimeControl "180+1"]
[EndTime "14:18:35 PDT"]
[Termination "czasnaszachy won on time"]

1. e4 e5 2. Nf3 Nc6 3. Bc4 Bc5 4. b4 Bxb4 5. c3 Ba5 6. d4 exd4 7. O-O Nge7 8. Ng5 d5 9. exd5 Ne5 10. Bb3 O-O 11.
cxd4 N5g6 12. Qh5 h6 13. d6 cxd6 14. Nxf7 Rxf7 15. Bxf7+ Kxf7 16. f4 Bb6 17. Bb2 Kg8 18. Nd2 Bf5 19. Rae1 Qd7 20. h3 Bd3 21. Rf3 Qb5 22.
Qxb5 Bxb5 23. f5 Ne5 24. Rfe3 Nd5 25. Rxe5 dxe5 26. Rxe5 Bc6 27. Nf3 Re8 0-1

[Event "Late-Titled-Tuesday-Blitz-March-26-2024"]
[Site "Chess.com"]
[Date "2024.03.26"]
[Round "2"]
[White "Blackmind96"]
[Black "Bkmzzzzz"]
[Result "1-0"]
[WhiteElo "2738"]
[BlackElo "2393"]
[TimeControl "180+1"]
[EndTime "14:18:36 PDT"]
[Termination "Blackmind96 won on time"]

1. d4 d5 2. c4 dxc4 3. Nf3 a6 4. e3 Nf6 5. Bxc4 e6 6. O-O b5 7. Bd3 c5 8. e4 Bb7 9. e5 Nd5 10. Ng5 h6 11. Qh5 hxg5 12. Qxh8 Nb4 13. Bh7 Qd5 14. f3 Qxd4+ 15. Kh1 Qxe5 16. Nc3 Nd7 17. Be4 Nd5 18. Bxd5 exd5 19. f4 Qe7 20. fxg5 O-O-O 21. Bf4 c4 22. Rad1 Nb6 23. Rfe1 Qd7 24. Be5 Qg4 25. Rd4 Qxg5 26. Qh3+ f5 27. Rdd1 g6 28. Ne2 Bc5 29. Nd4 Re8 30. Qh7 Re7 31. Qg8+ Kd7 32. Qb8 Bc8 33. Qc7+ Ke8 34. Bd6 Bxd6 35. Qxd6 Nd7 36.
Nc6 Re4 37. Qxd5 1-0

[Event "Late-Titled-Tuesday-Blitz-March-26-2024"]
[Site "Chess.com"]
[Date "2024.03.26"]
[Round "2"]
[White "eightbyeightchess"]
[Black "katharinareinecke"]
[Result "1-0"]
[WhiteElo "2426"]
[BlackElo "1990"]
[TimeControl "180+1"]
[EndTime "14:18:36 PDT"]
[Termination "eightbyeightchess won by checkmate"]

1. e4 c6 2. d4 d5 3. exd5 cxd5 4. c4 Be6 5. c5 Nf6 6. Nf3 g6 7. Nc3 Bg7 8. Bb5+ Nbd7 9. O-O O-O 10. h3 a6 11. Ba4 b5 12. Bb3 Nb8 13. Ne5 Qc7 14. Bf4 Qc8 15. Qf3 Rd8 16. Rfe1 Nc6 17. Rad1 Nxe5 18.
dxe5 Nh5 19. Bg5 Qxc5 20. g4 d4 21. Bxe6 fxe6 22. Ne4 Qxe5 23. Nf6+ exf6 24. Rxe5 fxg5 25. Rxe6 Nf6 26. Rxf6 Bxf6 27. Qxf6 d3 28. Qe6+ Kh8 29. Qe5+ Kg8 30. Qe3 Rac8 31. Rxd3 Re8 32. Qd2 Rf8 33.
Rd7 Rce8 34. Qd5+ Kh8 35. Qd4+ Kg8 36. Qg7# 1-0

[Event "Late-Titled-Tuesday-Blitz-March-26-2024"]
[Site "Chess.com"]
[Date "2024.03.26"]
[Round "2"]
[White "rezamahdavi2008"]
[Black "bazar-wokzal"]
[Result "1-0"]
[WhiteElo "2849"]
[BlackElo "2578"]
[TimeControl "180+1"]
[EndTime "14:18:37 PDT"]
[Termination "rezamahdavi2008 won on time"]

1. Nf3 c5 2. c4 g6 3. g3 Bg7 4.
Bg2 Nc6 5. Nc3 Nf6 6. O-O d5 7. cxd5 Nxd5 8. Qa4 O-O 9. Nxd5 Qxd5 10. d3 Bd7 11.
Qh4 Qh5 12. Qxh5 gxh5 13. Rb1 b6 14. a3 a5 15. Nd2 Rab8 16. Ne4 Nd4 17. Nc3 Rfc8 18.
Re1 Kf8 19. Bd2 Bc6 20. Bxc6 Rxc6 21. Kf1 Bf6 22. Rec1 Nb3 23. Rd1 Nxd2+ 24. Rxd2 h4 25. Rc2 hxg3 26. hxg3 h5 27. Kg2 h4 28. g4 Kg7 29. e3 Bxc3 30. bxc3 b5 31. Rcb2 Rcb6 32.
Kh3 b4 33. cxb4 cxb4 34. axb4 Rxb4 35. Rxb4 Rxb4 36. Ra1 a4 37. Kxh4 f5 38. f4 fxg4 39. Kxg4 Rb3 40. Rxa4 Rxd3 41. e4 Kf7 42. Ra5 Rb3 43.
Ra6 Rb5 44. Ra1 Rb4 45. Kf5 Rb5+ 46. e5 Rb4 47. Rh1 Kg7 48. Ke6 Rb7 49. Ra1 Kg6 50.
Rg1+ Kh5 51. Rg8 Ra7 52. f5 Kh6 53. f6 exf6 54. Kxf6 1-0

[Event "Late-Titled-Tuesday-Blitz-March-26-2024"]
[Site "Chess.com"]
[Date "2024.03.26"]
[Round "2"]
[White "SharathRk6"]
[Black "AungTZ"]
[Result "1-0"]
[WhiteElo "2427"]
[BlackElo "2028"]
[TimeControl "180+1"]
[EndTime "14:18:37 PDT"]
[Termination "SharathRk6 won by resignation"]

1. e4 c5 2. Nf3 Nc6 3. Bb5 e6 4. O-O Nge7 5. d4 cxd4 6. Nxd4 a6 7. Be2 Nxd4 8. Qxd4 Nc6 9. Qd2 d6 10. c4 Be7 11. Nc3 O-O 12. b3 Qc7 13. Bb2 Bf6 14.
Rac1 Qe7 15. f4 Bd4+ 16. Kh1 Bd7 17. Bf3 Rac8 18. Rfd1 Rfd8 19. Qe2 Bxc3 20. Bxc3 Be8 21. e5 dxe5 22. fxe5 Rxd1+ 23. Rxd1 Rd8 24. Rxd8 Qxd8 25. Qd1 Qxd1+ 26. Bxd1 Ne7 27. Kg1 Bc6 28. Kf2 Ng6 29. b4 Kf8 30. a4 Ke7 31. b5 axb5 32. cxb5 Bd5 33. a5 Kd7 34. Ba4 Kc7 35. b6+ Kc8 36. g3 Ne7 37. Ke3 Bc6 38. Bxc6 Nxc6 39. Kd3 Kd7 40.
Kc4 f6 41. exf6 gxf6 42. Kb5 e5 43. a6 bxa6+ 44. Kxa6 Nb8+ 45. Ka7 Nc6+ 46. Ka8 e4 47. b7 e3 48. b8=Q Nxb8 49. Kxb8 Ke6 50. Kc7 Kf5 51. Kd6 Kg4 52. Kd5 Kh3 53. Ke4 e2 54.
Kf3 Kxh2 55. Be1 h5 56. Kxe2 Kg2 57. Ke3 Kf1 58. Bc3 Kg2 59. Kf4 Kh3 60. Bxf6 1-0

[Event "Late-Titled-Tuesday-Blitz-March-26-2024"]
[Site "Chess.com"]
[Date "2024.03.26"]
[Round "2"]
[White "GodzillaChessYoutube"]
[Black "randomo"]
[Result "1-0"]
[WhiteElo "2712"]
[BlackElo "2263"]
[TimeControl "180+1"]
[EndTime "14:18:39 PDT"]
[Termination "GodzillaChessYoutube won by resignation"]

1. d4 Nf6 2. Bf4 c5 3. dxc5 Qa5+ 4. Qd2 Qxc5 5. Nc3 a6 6. Nf3 Nc6 7. e4 d6 8. a3 Bg4 9. Be2 Bxf3 10. Bxf3 g6 11. Be3 Qa5 12. Nd5 Qxd2+ 13. Bxd2 Nxd5 14. exd5 Ne5 15. Be2 Bg7 16. Bc3 O-O 17. O-O-O Rac8 18. Rhe1 Rfe8 19. h3 Nc4 20. Bxg7 Kxg7 21. Rd4 Nb6 22. Bf3 Rc4 23. Rxc4 Nxc4 24. Re4 Ne5 25. Be2 Nd7 26. b4 e5 27. dxe6 fxe6 28. c4 Nf6 29. Re3 d5 30.
Kb2 d4 31. Re5 Nd7 32. Re4 e5 33. f4 Kf6 34. Bf3 b6 35. Kb3 Re7 36. fxe5+ Nxe5 37. Rxd4 Nxf3 38. Rf4+ 1-0

[Event "Late-Titled-Tuesday-Blitz-March-26-2024"]
[Site "Chess.com"]
[Date "2024.03.26"]
[Round "2"]
[White "egnfanclub"]
[Black "MPCandelario"]
[Result "0-1"]
[WhiteElo "2381"]
[BlackElo "2671"]
[TimeControl "180+1"]
[EndTime "14:18:40 PDT"]
[Termination "MPCandelario won on time"]

1. e4 c5 2. Nc3 g6 3. f4 Bg7 4. Nf3 Nc6 5. Bc4 e6 6. f5 Nge7 7. fxe6 fxe6 8. d3 d5 9. Bb3 Nd4 10. O-O Nxb3 11. axb3 O-O 12. Bg5 d4 13. Na4 Qc7 14.
Bxe7 Qxe7 15. Nb6 Rb8 16. Rxa7 Bh6 17. Nc4 Bd7 18. Nfe5 Rxf1+ 19. Qxf1 Rf8 20. Qe2 Bc8 21. h3 Qg5 22. Ra1 b5 23. Nf3 Qg3 24. Ncd2 e5 25.
Nf1 Qf4 26. Ra8 Qc1 27. g4 Bf4 28. Kg2 Qxb2 29. Rb8 b4 30. Rb5 Qc3 31. Rb8 Qa1 32. Ng3 Qa7 33. Rxc8 Rxc8 34. Ng1 Ra8 35. h4 Qe7 36.
Kh3 Ra1 37. Qf2 Be3 0-1

[Event "Late-Titled-Tuesday-Blitz-March-26-2024"]
[Site "Chess.com"]
[Date "2024.03.26"]
[Round "2"]
[White "financieru"]
[Black "deepfear"]
[Result "1-0"]
[WhiteElo "2424"]
[BlackElo "1959"]
[TimeControl "180+1"]
[EndTime "14:18:40 PDT"]
[Termination "financieru won on time"]

1. d4 Nf6 2. c4 g6 3. Nc3 Bg7 4. e4 d6 5. f3 O-O 6. Be3 Nc6 7. Nge2 a6 8. Qd2 Rb8 9. h4 h5 10. Nd5 b5 11. cxb5 Rxb5 12. Rc1 Nxd5 13. exd5 Nb4 14. Nc3 Rb8 15. a3 e5 16. axb4 exd4 17. Bxd4 Re8+ 18. Kf2 Rxb4 19. Bxg7 Kxg7 20. Ne4 Rb3 21. Bc4 Rb6 22. Qd4+ f6 23. Rhe1 Bf5 24. b3 a5 25. Ng5 Re5 26. Ne6+ Bxe6 27. dxe6 a4 28. bxa4 d5 29. Rxe5 fxe5 30.
Qxe5+ Kh7 31. e7 Qe8 32. Bxd5 Rd6 33. Rxc7 1-0

[Event "Late-Titled-Tuesday-Blitz-March-26-2024"]
[Site "Chess.com"]
[Date "2024.03.26"]
[Round "2"]
[White "HajiyevKanan"]
[Black "kids2010"]
[Result "0-1"]
[WhiteElo "2542"]
[BlackElo "2805"]
[TimeControl "180+1"]
[EndTime "14:18:42 PDT"]
[Termination "kids2010 won by resignation"]

1. d4 d5 2. c4 e6 3. cxd5 exd5 4. Nc3 c6 5. Nf3 Bf5 6. Bg5 Be7 7. Bxe7 Qxe7 8. e3 Nf6 9. Bd3 Bg6 10. O-O Nbd7 11.
Rb1 O-O 12. Qc2 a5 13. Bxg6 hxg6 14. Rfc1 Ne8 15. Na4 Nd6 16. Nc5 Nxc5 17. Qxc5 Rfe8 18. b3 g5 19. Nxg5 f6 20. Nf3 g5 21. h3 Kg7 22. a3 Kg6 23. Qc2+ Ne4 24. Nd2 f5 25. Nf3 Rh8 26. Ne5+ Kg7 27. f3 Nd6 28. b4 axb4 29.
axb4 Ra3 30. Kf2 g4 31. hxg4 Qh4+ 32. Ke2 Qg3 33. Rg1 Rh2 34. Kf1 Rxe3 35. b5 Nc4 36. Nxc4 Rxf3+ 37. gxf3 Qxf3+ 38. Ke1 Rxc2 39. gxf5+ Kf8 0-1

[Event "Late-Titled-Tuesday-Blitz-March-26-2024"]
[Site "Chess.com"]
[Date "2024.03.26"]
[Round "2"]
[White "Supelyel"]
[Black "Andrei_Skvortsov"]
[Result "0-1"]
[WhiteElo "2405"]
[BlackElo "2713"]
[TimeControl "180+1"]
[EndTime "14:18:43 PDT"]
[Termination "Andrei_Skvortsov won by resignation"]

1. c4 g6 2. Nc3 Bg7 3. g3 e6 4. Bg2 Ne7 5. e3 d5 6. cxd5 exd5 7. d4 c6 8. Nge2 Nd7 9. O-O Nf6 10. b3 O-O 11. a4 Re8 12. Ba3 Nf5 13. Qc2 Nd6 14. Bxd6 Qxd6 15. Rab1 Bf5 16. Qb2 Bxb1 17. Rxb1 a5 18. b4 axb4 19. Qxb4 Qxb4 20. Rxb4 Ra7 21. h3 Bf8 22. Rb3 Bd6 23. Kf1 Nd7 24. h4 b6 25. Bh3 f5 26. g4 fxg4 27. Bxg4 Nf6 28. Bf3 Rb8 29. Nc1 Kf7 30. Nd3 Ke7 31. Ke2 Kd7 32. Bg2 Kc7 33. Rb2 Re8 34. Rc2 Ra5 35. Nb5+ Kd7 36. Bh3+ Ke7 37. Rxc6 Bb8 38. Rxb6 Rxa4 39.
Rb7+ Kf8 40. Nc5 Ra2+ 41. Kf1 Ne4 42. Rxb8 Rxb8 43. Nd7+ Kg7 44. Nxb8 Nxf2 45. Bd7 Nd1 46. Nc6 Nxe3+ 47. Kg1 Rg2+ 48. Kh1 Rd2 49. Nc7 Kf6 50.
Nb4 Ke7 51. Bc6 Kd6 52. Ncxd5 Nxd5 53. Bxd5 Rxd4 54. Bg8 Rxb4 55. Bxh7 Rxh4+ 0-1

[Event "Late-Titled-Tuesday-Blitz-March-26-2024"]
[Site "Chess.com"]
[Date "2024.03.26"]
[Round "2"]
[White "Orest_Vovk"]
[Black "TigrVShlyape"]
[Result "0-1"]
[WhiteElo "2598"]
[BlackElo "2898"]
[TimeControl "180+1"]
[EndTime "14:18:44 PDT"]
[Termination "TigrVShlyape won by resignation"]

1. g4 d5 2. Bg2 c6 3. h3 e5 4. d4 Nd7 5. c4 dxc4 6. dxe5 Nxe5 7. Qxd8+ Kxd8 8. Nc3 h5 9. g5 Ne7 10. Bf4 N5g6 11. O-O-O+ Ke8 12. Bc7 Be6 13. e4 Rc8 14. Bd6 Rd8 15. Nge2 Nc8 16. Bc7 Rd7 17. Rxd7 Bxd7 18. f4 Bd6 19. Bxd6 Nxd6 20. Rd1 Nc8 21. Rd4 Nb6 22. a4 a5 23. e5 Nh4 24. Bf1 Nf5 25. Rd1 Ke7 26. Nd4 Nxd4 27. Rxd4 h4 28. Ne4 Nxa4 29. Rxc4 b5 30. Rd4 Be6 31. Nd6 g6 32. Bg2 Nc5 33. Bxc6 Nb3+ 34. Kb1 Nxd4 35. Bg2 Bf5+ 0-1

[Event "Late-Titled-Tuesday-Blitz-March-26-2024"]
[Site "Chess.com"]
[Date "2024.03.26"]
[Round "2"]
[White "jinxy2009"]
[Black "esrosenberg"]
[Result "0-1"]
[WhiteElo "2260"]
[BlackElo "2492"]
[TimeControl "180+1"]
[EndTime "14:18:46 PDT"]
[Termination "esrosenberg won on time"]

1. e4 e5 2. Nf3 Nc6 3. Bc4 Nf6 4.
d3 Bc5 5. O-O d6 6. c3 a6 7. a4 Ba7 8. Re1 O-O 9. h3 h6 10.
Nbd2 Re8 11. Nf1 Be6 12. Bxe6 Rxe6 13. Ng3 d5 14. Qc2 dxe4 15. dxe4 Ne7 16. b3 Qd6 17.
Ba3 Bc5 18. Rad1 Qc6 19. b4 Bd6 20. c4 b6 21. c5 bxc5 22. bxc5 Ng6 23. Qc4 Bf8 24.
Rd5 Rae8 25. Bc1 Qb7 26. Nf5 c6 27. Rdd1 a5 28. Be3 Qb4 29. Rc1 Nxe4 30. Qxb4 axb4 31.
Rc4 Nc3 32. Rxb4 Nd5 33. Rb7 Nxe3 34. Rxe3 Bxc5 35. Rc3 Bf8 36. a5 e4 37. N3d4 Re5 38. a6 Ra5 39. Rxc6 Ne5 40. a7 Nxc6 41. Nxc6 Ra1+ 42.
Kh2 Ra8 43. Rb8 R1xa7 44. Nfe7+ Kh7 45. Nxa7 Rxb8 46. Nac6 Rb2 47. Nd5 Rxf2 48. Ne5 Rf5 0-1

[Event "Late-Titled-Tuesday-Blitz-March-26-2024"]
[Site "Chess.com"]
[Date "2024.03.26"]
[Round "2"]
[White "xakevicius91"]
[Black "GMG"]
[Result "0-1"]
[WhiteElo "2539"]
[BlackElo "2791"]
[TimeControl "180+1"]
[EndTime "14:18:47 PDT"]
[Termination "GMG won by resignation"]

1. e4 c6 2. d4 d5 3. e5 Bf5 4. Nf3 e6 5. Be2 Ne7 6. O-O Ng6 7. a4 a6 8. Nbd2 Nf4 9. c3 Nxe2+ 10. Qxe2 c5 11.
dxc5 Bxc5 12. Nb3 Be7 13. Nbd4 Bg6 14. g3 O-O 15. h4 h6 16. Kg2 Nc6 17. Bf4 Be4 18.
Kg1 Bc5 19. Rfd1 Qb6 20. Be3 Bxf3 21. Nxf3 Bxe3 22. fxe3 Na5 23. b4 Nc4 24. Rd4 Rac8 25. Kg2 Qc7 26. e4 Nb6 27. Rc1 dxe4 28. Qxe4 Nxa4 29.
Qg4 Rfd8 30. Rf4 Nxc3 31. Rd4 Qb6 32. Rxd8+ Qxd8 33. Rc2 Nd5 34. Re2 Qb6 35. Qe4 Qxb4 36. Qd3 Qc4 37. Qd2 Qc3 38. Kh3 Qxf3 0-1

[Event "Late-Titled-Tuesday-Blitz-March-26-2024"]
[Site "Chess.com"]
[Date "2024.03.26"]
[Round "2"]
[White "Kavyev_Ruslan"]
[Black "Byniolus"]
[Result "0-1"]
[WhiteElo "2397"]
[BlackElo "2739"]
[TimeControl "180+1"]
[EndTime "14:18:49 PDT"]
[Termination "Byniolus won on time"]

1. d4 d6 2. Nf3 Bg4 3. e3 Nf6 4. b3 e6 5. Bb2 Be7 6. Nbd2 O-O 7. Bd3 d5 8. h3 Bh5 9. c4 c6 10. O-O Nbd7 11. Qc2 Bg6 12. Ne5 Nxe5 13. dxe5 Nd7 14. f4 Bxd3 15. Qxd3 Nc5 16. Qe2 dxc4 17. Nxc4 Qd3 18. Qf3 Rfd8 19. Rad1 Qe4 20. Nd6 Qxf3 21. gxf3 Rd7 22. Bd4 Na6 23. Rd2 Bxd6 24. exd6 Rxd6 25. Rg2 g6 26. Be5 Rd3 27. e4 Rad8 28. f5 exf5 29. exf5 R8d5 30. f4 f6 31. Bxf6 Rxf5 32. Bg5 Nc7 33.
h4 Ne6 34. Bh6 Kf7 35. Re2 Rd4 36. Rfe1 Rd6 37. Re3 Rh5 38. Bg5 h6 39. f5 gxf5 0-1

[Event "Late-Titled-Tuesday-Blitz-March-26-2024"]
[Site "Chess.com"]
[Date "2024.03.26"]
[Round "2"]
[White "Karttunen"]
[Black "olga-belka"]
[Result "1-0"]
[WhiteElo "2716"]
[BlackElo "2348"]
[TimeControl "180+1"]
[EndTime "14:18:49 PDT"]
[Termination "Karttunen won on time"]

1. d4 Nf6 2. c4 g6 3. Nc3 d5 4. cxd5 Nxd5 5. e4 Nxc3 6. bxc3 Bg7 7. Be3 c5 8. Qd2 Qa5 9. Rb1 a6 10. Rc1 O-O 11. f4 Rd8 12. d5 e6 13. c4 Qxd2+ 14.
Kxd2 b5 15. Bxc5 bxc4 16. Bxc4 Bb7 17. Bb3 exd5 18. e5 Nc6 19. Nf3 a5 20. Bb6 Rdc8 21.
Ba4 Bf8 22. Nd4 Bb4+ 23. Ke3 Nxd4 24. Bxd4 Rc4 25. Bb5 Rcc8 26. a4 Ba3 27. Ra1 Bc5 28.
Rhc1 Bxd4+ 29. Kxd4 Kf8 30. Bd7 Rxc1 31. Rxc1 Rb8 32.
Bb5 Rc8 33. Rxc8+ Bxc8 34. g3 Bb7 35. Kc5 Ke7 36. Kb6 Bc8 37. Kxa5 f6 38. exf6+ Kxf6 39. Kb4 Kf5 40. Kc5 Ke4 41. Bc6 Kf3 42. Bxd5+ 1-0

[Event "Late-Titled-Tuesday-Blitz-March-26-2024"]
[Site "Chess.com"]
[Date "2024.03.26"]
[Round "2"]
[White "Defenstrator"]
[Black "AndresDelgado77"]
[Result "0-1"]
[WhiteElo "2512"]
[BlackElo "2338"]
[TimeControl "180+1"]
[EndTime "14:18:52 PDT"]
[Termination "AndresDelgado77 won on time"]

1. c4 g6 2. e4 Bg7 3. d4 c5 4. Nf3 cxd4 5. Nxd4 Nc6 6. Be3 Nf6 7. Nc3 d6 8. f3 Qb6 9. Qd2 Nxe4 10. Nxe4 Bxd4 11. Bxd4 Qxd4 12. Qxd4 Nxd4 13. O-O-O Ne6 14. c5 dxc5 15. Bb5+ Kf8 16. h4 h5 17. Ng5 Kg7 18. Bd7 Nxg5 19. hxg5 Rd8 20. Ba4 Be6 21. Rde1 a6 22. Bc2 Bxa2 23.
Rxe7 Rab8 24. g4 hxg4 25. fxg4 Be6 26. Rh6 Rd7 27. Rxg6+ Kf8 28. Rxd7 Bxd7 29. Rh6 Kg7 30. Rh7+ Kg8 31. g6 Be8 32. gxf7+ Bxf7 33. g5 Rd8 34. g6 Bd5 35. Rc7 c4 36. Bf5 Rf8 37. Bc8 b5 38. Rc5 Be4 39. Bxa6 Bxg6 40. Bxb5 Bd3 41.
Bxc4+ Bxc4 42. Rxc4 Rb8 43. Rf4 Rf8 44. Re4 Kf7 45. b4 Re8 0-1